 Dungeon Crawl Stone Soup version 0.20.0-10-g0535bb4 (webtiles) character file.

1741 MDvedh the Grappler (level 9, -2/39 HPs)
             Began as a Vine Stalker Hunter on June 5, 2017.
             Slain by an orc warrior
             ... wielding a +0 war axe of electrocution
              (13 damage)
             ... on level 6 of the Dungeon.
             The game lasted 00:07:26 (4994 turns).

MDvedh the Grappler (Vine Stalker Hunter)           Turns: 4994, Time: 00:07:26

Health: -2/39      AC: 17    Str: 18    XL:     9   Next: 5%
Magic:  0/10       EV:  7    Int: 11    God:
Gold:   323        SH:  0    Dex: 10    Spells: 3/8 levels left

rFire    + . .     SeeInvis .     - Unarmed
rCold    . . .     Gourm    .   (no shield)
rNeg     . . .     Faith    .   r - +0 chain mail
rPois    +         Spirit   +   q - +2 hat
rElec    .         Reflect  .   y - +2 cloak
rCorr    +         Harm     .   z - +2 pair of gloves
MR       +++..                  F - +0 pair of boots
Stlth    ..........             (no amulet)
Regen    0.6/turn               l - ring of loudness
MPRegen  0.2/turn               b - ring "Qireeretz" {rCorr +Inv rPois MR++ Dex-5}

@: about to teleport
A: fangs 3, fire resistance 1, frail 1, regeneration 1, wild magic 1, magic
shield, antimagic bite, no potion heal 3, rot immunity
a: Evoke Invisibility


You were on level 6 of the Dungeon.
You were not hungry.

You visited 1 branch of the dungeon, and saw 6 of its levels.

You collected 323 gold pieces.

Inventory:

Missiles
 c - 7 javelins (quivered)
 d - 2 throwing nets
Armour
 q - a +2 hat (worn)
 r - a +0 chain mail (worn)
 y - a +2 cloak (worn)
 z - a +2 pair of gloves (worn)
 F - a +0 pair of boots (worn)
Jewellery
 a - a cursed ring of teleportation {unknown}
 b - the ring "Qireeretz" (right hand) {rCorr +Inv rPois MR++ Dex-5}
   (You found it on level 5 of the Dungeon)

   [ring of resist corrosion]

   It affects your dexterity (-5).
   It protects you from poison.
   It affects your resistance to hostile enchantments.
   It lets you turn invisible.
 k - an uncursed ring of flight {unknown}
 l - a ring of loudness (left hand)
 B - an uncursed ring of wizardry {unknown}
 C - a +4 ring of protection {unknown}
 I - an uncursed ring of positive energy {unknown}
 J - an uncursed amulet of magic regeneration {unknown}
Wands
 n - a wand of paralysis (17/24)
 u - a wand of confusion (45/48)
Scrolls
 e - 5 scrolls of teleportation
 o - 3 scrolls of amnesia
 p - 2 scrolls of remove curse
 t - a scroll of blinking
 v - a scroll of enchant weapon
 x - a scroll of recharging
 K - a scroll of fear
Potions
 i - a potion of brilliance {unknown}
 j - a potion of ambrosia {unknown}
 m - 4 potions of curing
 s - a potion of magic {unknown}
 w - a potion of heal wounds {unknown}
 A - 2 potions of agility {unknown}
 G - a potion of cancellation {unknown}
 L - a potion of invisibility {unknown}
Books
 g - a book of Changes

   Spells                             Type                      Level
   a - Beastly Appendage              Transmutation                1
   b - Sticks to Snakes               Transmutation                2
   c - Spider Form                    Transmutation/Poison         3
   d - Ice Form                       Ice/Transmutation            4
   e - Blade Hands                    Transmutation                5
Comestibles
 f - 4 bread rations
 h - 5 meat rations
 E - 2 royal jellies


   Skills:
 + Level 3.2 Fighting
 - Level 3.6 Throwing
 + Level 1.9 Armour
 - Level 1.7 Dodging
 - Level 1.2 Stealth
 * Level 10.0 Unarmed Combat
 + Level 2.4 Transmutations


You had 3 spell levels left.
You knew the following spells:

 Your Spells              Type           Power        Failure   Level  Hunger
a - Blade Hands           Tmut           #.........   100%        5    ######.


Dungeon Overview and Level Annotations

Branches:
Dungeon (6/15)             Temple (0/1) D:6

Altars:


Innate Abilities, Weirdness & Mutations

You have razor-sharp teeth.
Your natural rate of healing is unusually fast.
When hurt, damage is shared between your health and your magic reserves.
Your bite disrupts and absorbs the magic of your enemies.
Potions cannot restore your health.
You are immune to rotting.
Your flesh is heat resistant. (rF+)
You are frail. (-10% HP)
Your spells are a little harder to cast, but a little more powerful.


Message History

An orc comes into view.
As you read the scroll of teleportation, it crumbles to dust.
You feel strangely unstable. The orc priest barely misses you.
The orc warrior barely misses you.
Unknown command.
You closely miss the orc priest. The orc closely misses you.
The orc priest hits you but does no damage.
The orc wizard gestures wildly while chanting.
The orc wizard seems to speed up.
The orc warrior zaps a wand.
You resist with almost no effort.
It is a wand of confusion (?/48).
Unknown command.
You punch the orc!
You kill the orc!
Unknown command.
You closely miss the orc. Your bite misses the orc.
The orc priest hits you but does no damage.
The orc warrior hits you with a war axe of electrocution!
* * * LOW HITPOINT WARNING * * *
You are electrocuted!
You die...

*,,,,,,,,,*,,,,,,,,,,,,,*
**,,.......**,,,,,,,,,,,,*
*,,,.......**...o.......#*
**,,.......***..........#
*,,,#.....* *,.........#
*****#....* **,........# ***
#..o.* **,o.....#*
*,***#...o## *,,.....#
**,,,*#...o@#######....#
*,,,....####oo..o.).########
*,,,.,,** #########........
*,,,,,** #######.. *,,,,,*
##. *,,,,,** #. *,,,,,,* #.
*,,,,,** #. *,,,,,* ##.


You could see an orc warrior, 2 orc priests, an orc wizard and 2 orcs.

Vanquished Creatures
  Eustachio (D:4)
  3 ice beasts
  An ogre (D:4)
  2 centaurs
  2 bullfrogs (D:6)
  3 crimson imps
  2 jellies (D:5)
  2 centaur zombies (D:5)
  3 bullfrog zombies (D:5)
  A centaur skeleton (D:5)
  A bullfrog skeleton (D:5)
  A hound (D:5)
  2 orc wizards (D:6)
  Crazy Yiuf (D:3)
  5 worker ants
  2 killer bee zombies (D:5)
  4 hound zombies (D:5)
  A hound skeleton (D:5)
  2 howler monkey zombies (D:5)
  2 worker ant zombies (D:5)
  4 gnolls (D:3)
  7 adders
  2 adder zombies
  An adder skeleton (D:4)
  A dart slug (D:4)
  3 leopard geckos
  9 orcs (D:6)
  A ball python (D:6)
  4 giant cockroaches
  3 goblins
  5 hobgoblins
  3 jackals (D:4)
  A quokka (D:1)
  5 bats
  2 frilled lizards
  2 kobolds
  A leopard gecko zombie (D:5)
  3 quokka skeletons
  3 quokka zombies (D:5)
  2 rats
103 creatures vanquished.

Notes
Turn   | Place    | Note
-------+----------+-------------------------------------------
     0 | D:1      | MDvedh the Vine Stalker Hunter began the quest for the Orb.
     0 | D:1      | Reached XP level 1. HP: 11/11 MP: 2/2
   180 | D:1      | Reached skill level 1 in Unarmed Combat
   442 | D:1      | Reached XP level 2. HP: 9/15 MP: 3/3
  1092 | D:2      | Reached skill level 2 in Unarmed Combat
  1267 | D:2      | Reached XP level 3. HP: 12/18 MP: 2/4
  1817 | D:3      | Reached skill level 3 in Unarmed Combat
  1953 | D:3      | Found a runed door.
  2116 | D:3      | Noticed Crazy Yiuf
  2125 | D:3      | Killed Crazy Yiuf
  2125 | D:3      | Gained mutation: Your natural rate of healing is unusually fast. [Vine Stalker growth]
  2125 | D:3      | Reached XP level 4. HP: 9/23 MP: 5/5
  2477 | D:3      | Reached skill level 4 in Unarmed Combat
  2489 | D:3      | Reached XP level 5. HP: 13/26 MP: 6/6
  2561 | D:4      | Noticed Eustachio
  2561 | D:4      | Noticed an ogre
  2586 | D:4      | Killed an ogre
  2586 | D:4      | Reached skill level 5 in Unarmed Combat
  2605 | D:4      | Killed Eustachio
  2605 | D:4      | Reached skill level 6 in Unarmed Combat
  2605 | D:4      | Reached XP level 6. HP: 27/30 MP: 7/7
  3107 | D:4      | Reached XP level 7. HP: 32/34 MP: 8/8
  3121 | D:4      | Reached skill level 7 in Unarmed Combat
  3552 | D:5      | Entered Level 5 of the Dungeon
  3570 | D:5      | Gained mutation: You are occasionally teleported next to monsters. [potion of mutation]
  3570 | D:5      | Gained mutation: You are robust. (+10% HP) [potion of mutation]
  3570 | D:5      | Gained mutation: Your spells are a little harder to cast, but a little more powerful. [potion of mutation]
  3572 | D:5      | Lost mutation: You are robust. (+10% HP) [potion of mutation]
  3572 | D:5      | Lost mutation: You are occasionally teleported next to monsters. [potion of mutation]
  3572 | D:5      | Gained mutation: You are frail. (-10% HP) [potion of mutation]
  3572 | D:5      | Gained mutation: Your flesh is heat resistant. (rF+) [potion of mutation]
  3755 | D:5      | Reached skill level 8 in Unarmed Combat
  3823 | D:5      | Gained mutation: You have razor-sharp teeth. [Vine Stalker growth]
  3823 | D:5      | Reached XP level 8. HP: 34/34 MP: 9/9
  3892 | D:5      | Reached skill level 9 in Unarmed Combat
  4024 | D:5      | Got a pitted bronze ring
  4103 | D:5      | Learned a level 5 spell: Blade Hands
  4498 | D:6      | Found a staircase to the Ecumenical Temple.
  4509 | D:6      | Reached skill level 1 in Armour
  4537 | D:6      | Reached skill level 1 in Transmutations
  4813 | D:6      | Reached skill level 10 in Unarmed Combat
  4813 | D:6      | Reached XP level 9. HP: 31/39 MP: 7/10
  4878 | D:6      | Identified the ring "Qireeretz" {rCorr +Inv rPois MR++ Dex-5} (You found it on level 5 of the Dungeon)
  4994 | D:6      | Slain by an orc warrior

Skill      XL: |  1  2  3  4  5  6  7  8 |
---------------+-------------------------+-----
Unarmed Combat | 1 2 3 4 6 8 10 | 10.0
Fighting       | 3 |  3.2
Armour         | 1 |  1.9
Transmutations | 2 |  2.4
Throwing       | |  3.6
Dodging        | |  1.7
Stealth        | |  1.2

Action                   |  1- 3 |  4- 6 |  7- 9 || total
-------------------------+-------+-------+-------++-------
Melee: Unarmed           |    96 |    87 |   289 ||   472
       Bite              |    31 |    21 |    93 ||   145
       Punch             |       |     1 |    10 ||    11
Throw: Javelin           |     6 |    11 |       ||    17
       Throwing net      |       |     2 |       ||     2
  Use: Scroll            |       |       |    14 ||    14
       Potion            |       |       |     2 ||     2
 Stab: Held in net/web   |       |     2 |       ||     2
  Eat: Chunk             |     4 |     3 |     2 ||     9
       Bread ration      |       |       |     1 ||     1
Armor: Leather armour    |    15 |       |       ||    15
       Chain mail        |    36 |    54 |   203 ||   293
Dodge: Dodged            |    48 |    33 |    79 ||   160
